 Dungeon Sprint DCSS version 0.19.0-24-gb05acd6 (webtiles) character file.

532 igo the Conjurer (level 7, -2/59 HPs)
             Began as a Troll Air Elementalist on Nov 21, 2016.
             Was an Elder of Sif Muna.
             Slain by a basilisk (17 damage)
             ... in the Dungeon (Sprint IX: "|||||||||||||||||||||||||||||").
             The game lasted 00:05:18 (271 turns).

igo the Conjurer (Troll Air Elementalist)            Turns: 271, Time: 00:05:18

Health: -2/59      AC:  8    Str: 20    XL:     7   Next: 4%
Magic:  14/14      EV: 10    Int: 13    God:    Sif Muna [****..]
Gold:   0          SH:  0    Dex: 10    Spells: 2 memorised, 14 levels left

rFire  . . .     SeeInvis .     n - +2 dire flail (protect)
rCold  . . .     Gourm    +     a - +0 robe
rNeg   . . .     Faith    .     (shield currently unavailable)
rPois  .         Spirit   .     (helmet restricted)
rElec  .         Reflect  .     r - +0 cloak
rCorr  .         Harm     .     (gloves unavailable)
MR     .....     NoTele   +     (boots unavailable)
Stlth  +.........               (no amulet)
                                t - +2 ring of protection
                                s - +3 ring of strength

@: divine energy
A: unfitting armour, claws 3, fast metabolism 3, gourmand, regeneration 1,
shaggy fur 1, tough skin 2
a: Stop Divine Energy, Channel Magic, Forget Spell, Renounce Religion


You were in the Dungeon.
You worshipped Sif Muna.
Sif Muna was greatly pleased with you.
You were very full.

You visited 1 branch

Inventory:

Hand Weapons
 n - a +2 dire flail of protection (weapon)
 o - a +2 halberd of protection
 p - a +4 quarterstaff of speed
 q - a +2 scimitar of flaming
Armour
 a - a +0 robe (worn)
 r - a +0 cloak (worn)
Magical Staves
 m - an uncursed staff of energy
Jewellery
 s - a +3 ring of strength (left claw)
 t - a +2 ring of protection (right claw)
Wands
 l - a wand of iceblast (7/15)
Scrolls
 i - 2 scrolls of blinking
 j - 3 scrolls of remove curse
 k - 2 scrolls of amnesia
Potions
 d - 5 potions of curing
 e - 2 potions of heal wounds
 g - 4 potions of magic
Books
 b - a book of Air

   Spells                             Type                      Level
   a - Shock                          Conjuration/Air              1
   b - Swiftness                      Charms/Air                   2
   c - Repel Missiles                 Charms/Air                   2
   d - Static Discharge               Conjuration/Air              3
   e - Lightning Bolt                 Conjuration/Air              5
Comestibles
 c - 2 bread rations


   Skills:
 - Level 1.5 Dodging
 - Level 1.0 Stealth
 + Level 5.5 Spellcasting
 + Level 6.5 Conjurations
 + Level 6.3 Air Magic
 + Level 2.4 Invocations


You had 14 spell levels left.
You knew the following spells:

 Your Spells              Type           Power        Failure   Level  Hunger
a - Shock                 Conj/Air       ###.         1%          1    None
b - Swiftness             Chrm/Air       ##......     10%         2    ##.....


Dungeon Overview and Level Annotations

Branches:
Dungeon (1/1)

Altars:
Cheibriados
Dithmenos
Elyvilon
Fedhas
Gozag
Hepliaklqana
Kikubaaqudgha
Makhleb
Nemelex Xobeh
Okawaru
Qazlal
Ru
Sif Muna
Trog
Uskayaw
Vehumet
Xom
Yredelemnul
Zin
The Shining One
Beogh
Jiyva
Lugonu


Innate Abilities, Weirdness & Mutations

You are too large for most types of armour.
You have claws for hands.
Your metabolism is lightning-fast.
You like to eat raw meat.
Your natural rate of healing is unusually fast.
You are covered in fur. (AC +1)
You have very tough skin. (AC +2)


Message History

You feel somewhat less full. The basilisk gazes at you.
You resist with significant effort. The basilisk bites you!
You have turned to stone.
The basilisk bites you. The basilisk gazes at you. The basilisk bites you!
You feel less invigorated. The basilisk bites you! The basilisk gazes at you.
The basilisk bites you!
The basilisk bites you but does no damage.
The basilisk gazes at you. You resist with significant effort.
The basilisk bites you but does no damage.
The basilisk bites you!
* * * LOW HITPOINT WARNING * * *
You turn to flesh and can move again.
You feel somewhat less full. The basilisk completely misses you.
You feel quite a bit less full. The basilisk bites you!
You die...

▓(▓
▓.▓
▓†▓
▓(▓
▓.▓
▓.▓
▓.▓
▓.▓
▓@▓
▓l▓
▓T▓
▓9▓
▓H▓
▓.▓
▓.▓
▓.▓


You could see a hippogriff, a troll, a basilisk and a gargoyle.

Vanquished Creatures
  A shadow (D)
  A necrophage (D)
  A centaur (D)
  A hound (D)
  A worker ant (D)
  2 adder zombies (D)
  3 leopard geckos (D)
  2 orcs (D)
  3 goblins (D)
  A quokka (D)
  A rat (D)
17 creatures vanquished.

Vanquished Creatures (others)
  A spatial maelstrom (D)
  A hill giant (D)
2 creatures vanquished.

Grand Total: 19 creatures vanquished

Notes
Turn   | Place    | Note
-------+----------+-------------------------------------------
     0 | D        | igo the Troll Air Elementalist began the quest for the Orb.
     0 | D        | Reached XP level 1. HP: 16/16 MP: 1/1
    10 | D        | Reached skill level 1 in Conjurations
    11 | D        | Banished a spatial maelstrom
    52 | D        | Noticed a hound
    56 | D        | Killed a hound
    56 | D        | Reached XP level 2. HP: 24/24 MP: 2/4
    56 | D        | Reached XP level 3. HP: 31/31 MP: 2/5
    88 | D        | Found a roughly hewn altar of Beogh.
    88 | D        | Found a snail-covered altar of Cheibriados.
    88 | D        | Found a shadowy altar of Dithmenos.
    88 | D        | Found a white marble altar of Elyvilon.
    88 | D        | Found a blossoming altar of Fedhas.
    88 | D        | Found an opulent altar of Gozag.
    89 | D        | Found a hazy altar of Hepliaklqana.
    90 | D        | Found a viscous altar of Jiyva.
    91 | D        | Found an ancient bone altar of Kikubaaqudgha.
    92 | D        | Found a corrupted altar of Lugonu.
    93 | D        | Found a burning altar of Makhleb.
    94 | D        | Found a sparkling altar of Nemelex Xobeh.
    95 | D        | Found an iron altar of Okawaru.
    96 | D        | Found a stormy altar of Qazlal.
    97 | D        | Found a sacrificial altar of Ru.
    98 | D        | Found a deep blue altar of Sif Muna.
    99 | D        | Found a bloodstained altar of Trog.
   100 | D        | Found a hide-covered altar of Uskayaw.
   101 | D        | Found a radiant altar of Vehumet.
   102 | D        | Found a shimmering altar of Xom.
   103 | D        | Found a basalt altar of Yredelemnul.
   104 | D        | Found a glowing silver altar of Zin.
   105 | D        | Found a glowing golden altar of the Shining One.
   106 | D        | Became a worshipper of Sif Muna the Loreminder
   146 | D        | Learned a level 2 spell: Swiftness
   146 | D        | Noticed a centaur
   146 | D        | Noticed a hill giant
   146 | D        | Noticed a necrophage
   154 | D        | Reached XP level 4. HP: 39/39 MP: 0/7
   163 | D        | Killed a hill giant
   163 | D        | Reached * piety under Sif Muna
   163 | D        | Reached ** piety under Sif Muna
   163 | D        | Reached XP level 5. HP: 39/45 MP: 1/10
   171 | D        | Killed a centaur
   171 | D        | Reached skill level 5 in Conjurations
   171 | D        | Reached skill level 5 in Air Magic
   171 | D        | Reached XP level 6. HP: 50/53 MP: 2/12
   176 | D        | Reached *** piety under Sif Muna
   176 | D        | Reached skill level 5 in Spellcasting
   218 | D        | Noticed a basilisk
   218 | D        | Noticed a troll
   218 | D        | Noticed a gargoyle
   218 | D        | Noticed a shadow
   218 | D        | Noticed a hippogriff
   248 | D        | Killed a shadow
   248 | D        | Reached **** piety under Sif Muna
   248 | D        | Reached XP level 7. HP: 35/59 MP: 3/14
   271 | D        | Slain by a basilisk

Skill      XL: |  1  2  3  4  5  6 |
---------------+-------------------+-----
Conjurations   | 2 3 4 5 6 |  6.5
Spellcasting   | 2 3 4 5 |  5.5
Air Magic      | 3 4 5 6 |  6.3
Invocations    | 2 |  2.4
Dodging        | |  1.5
Stealth        | |  1.0

Action                   |  1- 3 |  4- 6 |  7- 9 || total
-------------------------+-------+-------+-------++-------
Melee: Unarmed           |    52 |       |       ||    52
       Dire flail        |       |     9 |       ||     9
 Cast: Shock             |     5 |    14 |     3 ||    22
Invok: Divine Energy     |       |    14 |       ||    14
       Stop Divine Energ |       |    13 |       ||    13
       Channel Magic     |       |     1 |     3 ||     4
  Use: Potion            |     3 |       |     1 ||     4
  Eat: Chunk             |       |     8 |       ||     8
Armor: Robe              |    17 |     9 |     4 ||    30
Dodge: Dodged            |    19 |    16 |     2 ||    37
